 Dungeon Sprint DCSS version 0.27-a0-401-gea03ee85fd (webtiles) character file.

Game seed: 14284971885027857220

9700000 hittemvvvvvhard the Axe Maniac (level 27, -6/292 HPs)
             Began as a Palentonga Warper on Feb 21, 2021.
             Was the Champion of Makhleb.
             Killed by divine providence
             ... invoked by an accursed
              (17 damage)
             ... in the Dungeon (Sprint VIII: "Arena of Blood").
             The game lasted 00:03:50 (97 turns).

hittemvvvvvhard the Axe Maniac (Palentonga Warper)    Turns: 97, Time: 00:03:50

Health: -6/292     AC: 15    Str: 16    XL:     27
Magic:  37/54      EV: 31    Int: 16    God:    Makhleb [******]
Gold:   0          SH:  0    Dex: 19    Spells: 80/80 levels left

rFire    + . .     SeeInvis +   b - +∞ Axe of Woe
rCold    . . .     Faith    .   (shield currently unavailable)
rNeg     . . .     Spirit   .   a - +0 leather armour
rPois    .         Reflect  .   (no helmet)
rElec    .         Harm     .   (no cloak)
rCorr    .         Rampage  .   (no gloves)
Will     ++...     NoTele   +   (no barding)
Stlth    ++++++++++             (no amulet)
HPRegen  0.58/turn              F - ring of protection from fire
MPRegen  0.34/turn              (no ring)

@: curled up
A: large, rugged brown scales 3, see invisible, deformed body, roll 1, armoured
tail, reflexive curl
a: Rolling Charge, Renounce Religion, Minor Destruction, Lesser Servant of
Makhleb, Major Destruction, Greater Servant of Makhleb


You were in the Dungeon.
You worshipped Makhleb.
Makhleb was exalted by your worship.
You visited 1 branch

Inventory:

Hand Weapons
 b - the +∞ Axe of Woe (weapon)
   (You found it in the Dungeon)
Missiles
 d - 5 boomerangs of dispersal (quivered) {=f}
Armour
 a - a +0 leather armour (worn)
Jewellery
 F - a ring of protection from fire (left hand)
Potions
 e - a potion of curing
 f - a potion of heal wounds
 g - a potion of haste
 h - 2 potions of magic
 i - a potion of berserk rage {!q}


   Skills:
 O Level 27 Fighting
 O Level 27 Short Blades
 O Level 27 Long Blades
 O Level 27 Axes
 O Level 27 Maces & Flails
 O Level 27 Polearms
 O Level 27 Staves
 O Level 27 Slings
 O Level 27 Bows
 O Level 27 Crossbows
 O Level 27 Throwing
 O Level 27 Armour
 O Level 27 Dodging
 O Level 27 Stealth
 O Level 27 Shields
 O Level 27 Unarmed Combat
 O Level 27 Spellcasting
 O Level 27 Conjurations
 O Level 27 Hexes
 O Level 27 Summonings
 O Level 27 Necromancy
 O Level 27 Translocations
 O Level 27 Transmutations
 O Level 27 Fire Magic
 O Level 27 Ice Magic
 O Level 27 Air Magic
 O Level 27 Earth Magic
 O Level 27 Poison Magic
 O Level 27 Invocations
 O Level 27 Evocations


You had 80 spell levels left.
You didn't know any spells.
Your spell library contained the following spells:

 Spells                   Type           Power        Failure   Level
 Blink                    Tloc           N/A          0%          2
 Gell's Gravitas          Tloc           41%          0%          3
 Lesser Beckoning         Tloc           41%          0%          3
 Teleport Other           Tloc           82%          0%          3
 Manifold Assault         Tloc           82%          0%          4


Dungeon Overview and Level Annotations

Branches:
Dungeon (1/1)

Altars:
Makhleb


Innate Abilities, Weirdness & Mutations

You are completely covered in rugged brown scales. (AC +3, +7% HP)
You have supernaturally acute eyesight. (SInv)
Armour fits poorly on your strangely shaped body.
You can roll at nearby foes to attack.
You have a long armoured tail.
You curl defensively after being hit.


Message History

The accursed casts a spell at you. Something smites you!
* * * LOW HITPOINT WARNING * * *
Unknown command.
You take 2 damage, and have 27/292 hp.
Unknown command.
You slash the observer!
You butcher the observer messily.
You kill the observer!
You hit the large abomination.
You chop the large abomination into pieces.
You destroy the large abomination!
The observer appears out of thin air!
An observer comes into view.
You hear a shout! x4
The accursed points at you and mumbles some strange words.
Something smites you!
* * * LOW HITPOINT WARNING * * *
You hear a shout!
The tyrant gestures wildly while chanting.
The tyrant seems to speed up.
You hear a shout!
The observer turns its gaze towards you.
You take 8 damage, and have 19/292 hp.
You slice the destroyer!!
You hew the destroyer savagely.
You destroy the destroyer!
You hit the large abomination but do no damage.
You cleave the large abomination in twain.
You destroy the large abomination!
You hear a shout! x4
The dread is engulfed in blazing flames.
The dread calls on the powers of darkness!
The eight-headed meat hydra convulses!
The bag of meat convulses!
The observer convulses!
Your body is wracked with pain!
* * * LOW HITPOINT WARNING * * *
The bag of meat convulses! x2
The large abomination is engulfed in blazing flames.
The accursed casts a spell at you. Something smites you!
You die...

...... ...... #..... ......
..§§..####X.X....
.§)§.XX..XG......
.§§§Wo§§§..X.#...
...DMXW)§L..........#
..........M..)§)X...#......#
#.......#.XX§Xz°...........#
#......o#....oL.@...##.....#
#.......###).o.).†.........#
...###.............###.....#
...._......)...).)W))).....#
#.)...#.).....#)#.)))..)))#
#_.<._#..)).......))))))D)#
.#.....#)))...#.#.#M)))))))#
...._...O.............)))..#
...###.).....).#.#†#).#)...#

Skill      XL: |  1  2  3  4  5  6  7  8  9 10 11 12 13 14 15 16 17 18 19 20 21 22 23 24 25 26 27 |
---------------+----------------------------------------------------------------------------------+-----
Axes           | 25 27 | 27.0
Fighting       | 7 13 17 21 23 25 27 | 27.0
Dodging        | 6 11 15 18 20 21 24 27 | 27.0
Spellcasting   | 7 12 16 20 22 23 26 27 | 27.0
Translocations | 8 13 17 21 23 25 27 | 27.0
Throwing       | 8 18 26 27 | 27.0
Armour         | 13 26 27 | 27.0
Unarmed Combat | 21 27 | 27.0
Short Blades   | 6 11 15 17 20 27 | 27.0
Long Blades    | 5 10 13 16 18 27 | 27.0
Maces & Flails | 5 10 13 16 18 27 | 27.0
Polearms       | 5 9 12 15 17 27 | 27.0
Staves         | 5 10 13 16 18 27 | 27.0
Slings         | 4 8 10 13 14 27 | 27.0
Bows           | 4 8 11 14 15 27 | 27.0
Crossbows      | 4 8 11 14 15 27 | 27.0
Stealth        | 4 8 10 13 14 27 | 27.0
Shields        | 4 8 11 14 15 27 | 27.0
Conjurations   | 5 9 12 15 17 27 | 27.0
Hexes          | 6 11 15 17 20 27 | 27.0
Summonings     | 5 9 13 15 17 27 | 27.0
Necromancy     | 6 11 15 17 20 27 | 27.0
Transmutations | 6 11 15 17 20 27 | 27.0
Fire Magic     | 5 9 13 15 17 27 | 27.0
Ice Magic      | 5 9 13 15 17 27 | 27.0
Air Magic      | 5 9 13 15 17 27 | 27.0
Earth Magic    | 6 10 14 16 18 27 | 27.0
Poison Magic   | 5 9 13 15 17 27 | 27.0
Invocations    | 7 12 16 19 21 27 | 27.0
Evocations     | 6 10 14 16 18 27 | 27.0

Notes
Turn   | Place    | Note
-------+----------+-------------------------------------------
     0 | D        | Found the +∞ Axe of Woe
     0 | D        | hittemvvvvvhard the Palentonga Warper began the quest for
                  | the Orb.
     0 | D        | Reached XP level 1. HP: 18/18 MP: 3/3
     1 | D        | Noticed a bag of meat
     1 | D        | Noticed a bag of meat
     3 | D        | Became a worshipper of Makhleb the Destroyer
     4 | D        | Noticed a bag of meat
     4 | D        | Noticed a bag of meat
     5 | D        | Killed a bag of meat
     6 | D        | Reached skill level 25 in Axes
     6 | D        | Reached XP level 2. HP: 25/25 MP: 5/5
     6 | D        | Reached XP level 3. HP: 31/31 MP: 6/6
     6 | D        | Reached XP level 4. HP: 38/38 MP: 7/7
     6 | D        | Reached XP level 5. HP: 43/43 MP: 8/8
     6 | D        | Reached XP level 6. HP: 51/51 MP: 9/9
     6 | D        | Gained mutation: You curl defensively after being hit.
                  | [Palentonga growth]
     6 | D        | Reached XP level 7. HP: 58/58 MP: 10/10
     6 | D        | Reached XP level 8. HP: 65/65 MP: 11/11
     6 | D        | Reached XP level 9. HP: 71/71 MP: 12/12
     6 | D        | Reached XP level 10. HP: 78/78 MP: 13/13
     6 | D        | Reached XP level 11. HP: 84/84 MP: 14/14
     6 | D        | Noticed a bag of meat
     6 | D        | Noticed a bag of meat
     6 | D        | Killed a bag of meat
     6 | D        | Reached * piety under Makhleb
     6 | D        | Noticed a bag of meat
     6 | D        | Noticed a bag of meat
     7 | D        | Reached skill level 27 in Axes
     7 | D        | Reached skill level 7 in Fighting
     7 | D        | Reached skill level 6 in Dodging
     7 | D        | Reached skill level 7 in Spellcasting
     7 | D        | Reached skill level 8 in Translocations
     7 | D        | Reached XP level 12. HP: 108/108 MP: 14/22
     7 | D        | Noticed a bag of meat
     7 | D        | Noticed a bag of meat
     7 | D        | Noticed a bag of meat
     7 | D        | Noticed a meat berserker
     7 | D        | Noticed a meat berserker
     8 | D        | Noticed a bag of meat
     8 | D        | Noticed a meat berserker
     9 | D        | Noticed a meat berserker
    11 | D        | Noticed a large bag of meat
    11 | D        | HP: 18/108 [meat berserker/+9 battleaxe (90)]
    12 | D        | Killed a meat berserker
    12 | D        | Noticed a bag of meat
    13 | D        | Reached skill level 13 in Fighting
    13 | D        | Reached skill level 11 in Dodging
    13 | D        | Reached skill level 12 in Spellcasting
    13 | D        | Reached skill level 13 in Translocations
    13 | D        | Reached XP level 13. HP: 111/130 MP: 15/29
    13 | D        | Reached XP level 14. HP: 118/138 MP: 15/30
    13 | D        | Killed a meat berserker
    13 | D        | Killed a bag of meat
    13 | D        | Reached ** piety under Makhleb
    14 | D        | Reached skill level 17 in Fighting
    14 | D        | Reached skill level 15 in Dodging
    14 | D        | Reached skill level 16 in Spellcasting
    14 | D        | Reached skill level 17 in Translocations
    14 | D        | Reached XP level 15. HP: 158/158 MP: 15/35
    14 | D        | Reached *** piety under Makhleb
    15 | D        | Reached skill level 21 in Fighting
    15 | D        | Reached skill level 18 in Dodging
    15 | D        | Reached skill level 20 in Spellcasting
    15 | D        | Reached skill level 21 in Translocations
    15 | D        | Reached XP level 16. HP: 145/178 MP: 15/40
    15 | D        | Killed a meat berserker
    15 | D        | Reached **** piety under Makhleb
    16 | D        | Reached skill level 23 in Fighting
    16 | D        | Reached skill level 20 in Dodging
    16 | D        | Reached skill level 22 in Spellcasting
    16 | D        | Reached skill level 23 in Translocations
    16 | D        | Reached XP level 17. HP: 193/193 MP: 15/43
    17 | D        | Reached skill level 24 in Fighting
    17 | D        | Reached skill level 21 in Dodging
    17 | D        | Reached skill level 24 in Translocations
    17 | D        | Noticed a meat berserker
    18 | D        | Reached skill level 25 in Fighting
    18 | D        | Reached skill level 23 in Spellcasting
    18 | D        | Reached skill level 25 in Translocations
    18 | D        | Reached XP level 18. HP: 207/207 MP: 16/45
    18 | D        | Noticed a meat berserker
    18 | D        | Killed a meat berserker
    18 | D        | Reached ***** piety under Makhleb
    18 | D        | Noticed a meat berserker
    19 | D        | Reached skill level 26 in Fighting
    19 | D        | Reached skill level 23 in Dodging
    19 | D        | Reached skill level 24 in Spellcasting
    19 | D        | Reached skill level 26 in Translocations
    19 | D        | Noticed a meat berserker
    19 | D        | Noticed a meat berserker
    19 | D        | Noticed a large bag of meat
    19 | D        | Noticed a meat berserker
    19 | D        | Noticed a destroyer
    20 | D        | Reached skill level 27 in Fighting
    20 | D        | Reached skill level 24 in Dodging
    20 | D        | Reached skill level 26 in Spellcasting
    20 | D        | Reached skill level 27 in Translocations
    20 | D        | Reached XP level 19. HP: 221/221 MP: 16/49
    20 | D        | Noticed a destroyer
    20 | D        | Noticed a meat berserker
    21 | D        | Reached skill level 27 in Dodging
    21 | D        | Reached skill level 27 in Spellcasting
    21 | D        | Reached skill level 1 in Throwing
    21 | D        | Reached skill level 2 in Armour
    21 | D        | Reached skill level 4 in Unarmed Combat
    21 | D        | Killed a meat berserker
    21 | D        | Killed a meat berserker
    22 | D        | Reached skill level 8 in Throwing
    22 | D        | Reached skill level 13 in Armour
    22 | D        | Reached skill level 21 in Unarmed Combat
    22 | D        | Reached XP level 20. HP: 139/231 MP: 17/51
    22 | D        | Killed a meat berserker
    22 | D        | Reached ****** piety under Makhleb
    23 | D        | Reached skill level 10 in Throwing
    23 | D        | Reached skill level 16 in Armour
    23 | D        | Reached skill level 26 in Unarmed Combat
    23 | D        | Killed a large bag of meat
    23 | D        | Killed a destroyer
    24 | D        | Reached skill level 18 in Throwing
    24 | D        | Reached skill level 26 in Armour
    24 | D        | Reached skill level 27 in Unarmed Combat
    24 | D        | Reached XP level 21. HP: 204/239 MP: 17/52
    25 | D        | Reached skill level 26 in Throwing
    25 | D        | Reached skill level 27 in Armour
    25 | D        | Reached XP level 22. HP: 234/249 MP: 18/53
    26 | D        | Reached skill level 27 in Throwing
    27 | D        | Reached skill level 6 in Short Blades
    27 | D        | Reached skill level 5 in Long Blades
    27 | D        | Reached skill level 5 in Maces & Flails
    27 | D        | Reached skill level 5 in Polearms
    27 | D        | Reached skill level 5 in Staves
    27 | D        | Reached skill level 4 in Slings
    27 | D        | Reached skill level 4 in Bows
    27 | D        | Reached skill level 4 in Crossbows
    27 | D        | Reached skill level 4 in Stealth
    27 | D        | Reached skill level 4 in Shields
    27 | D        | Reached skill level 5 in Conjurations
    27 | D        | Reached skill level 6 in Hexes
    27 | D        | Reached skill level 5 in Summonings
    27 | D        | Reached skill level 6 in Necromancy
    27 | D        | Reached skill level 6 in Transmutations
    27 | D        | Reached skill level 5 in Fire Magic
    27 | D        | Reached skill level 5 in Ice Magic
    27 | D        | Reached skill level 5 in Air Magic
    27 | D        | Reached skill level 6 in Earth Magic
    27 | D        | Reached skill level 5 in Poison Magic
    27 | D        | Reached skill level 7 in Invocations
    27 | D        | Reached skill level 6 in Evocations
    27 | D        | Reached XP level 23. HP: 256/256 MP: 18/54
    29 | D        | Reached skill level 9 in Short Blades
    29 | D        | Reached skill level 8 in Long Blades
    29 | D        | Reached skill level 8 in Maces & Flails
    29 | D        | Reached skill level 7 in Polearms
    29 | D        | Reached skill level 8 in Staves
    29 | D        | Reached skill level 6 in Slings
    29 | D        | Reached skill level 7 in Bows
    29 | D        | Reached skill level 7 in Crossbows
    29 | D        | Reached skill level 6 in Stealth
    29 | D        | Reached skill level 7 in Shields
    29 | D        | Reached skill level 7 in Conjurations
    29 | D        | Reached skill level 9 in Hexes
    29 | D        | Reached skill level 8 in Summonings
    29 | D        | Reached skill level 9 in Necromancy
    29 | D        | Reached skill level 9 in Transmutations
    29 | D        | Reached skill level 8 in Fire Magic
    29 | D        | Reached skill level 8 in Ice Magic
    29 | D        | Reached skill level 8 in Air Magic
    29 | D        | Reached skill level 8 in Earth Magic
    29 | D        | Reached skill level 8 in Poison Magic
    29 | D        | Reached skill level 10 in Invocations
    29 | D        | Reached skill level 8 in Evocations
    30 | D        | Noticed a large bag of meat
    30 | D        | Noticed a large bag of meat
    32 | D        | Reached skill level 11 in Short Blades
    32 | D        | Reached skill level 10 in Long Blades
    32 | D        | Reached skill level 10 in Maces & Flails
    32 | D        | Reached skill level 9 in Polearms
    32 | D        | Reached skill level 10 in Staves
    32 | D        | Reached skill level 8 in Slings
    32 | D        | Reached skill level 8 in Bows
    32 | D        | Reached skill level 8 in Crossbows
    32 | D        | Reached skill level 8 in Stealth
    32 | D        | Reached skill level 8 in Shields
    32 | D        | Reached skill level 9 in Conjurations
    32 | D        | Reached skill level 11 in Hexes
    32 | D        | Reached skill level 9 in Summonings
    32 | D        | Reached skill level 11 in Necromancy
    32 | D        | Reached skill level 11 in Transmutations
    32 | D        | Reached skill level 9 in Fire Magic
    32 | D        | Reached skill level 9 in Ice Magic
    32 | D        | Reached skill level 9 in Air Magic
    32 | D        | Reached skill level 10 in Earth Magic
    32 | D        | Reached skill level 9 in Poison Magic
    32 | D        | Reached skill level 12 in Invocations
    32 | D        | Reached skill level 10 in Evocations
    32 | D        | Reached XP level 24. HP: 254/266 MP: 20/54
    32 | D        | Noticed a destroyer
    33 | D        | Killed a destroyer
    34 | D        | Reached skill level 13 in Short Blades
    34 | D        | Reached skill level 12 in Long Blades
    34 | D        | Reached skill level 12 in Maces & Flails
    34 | D        | Reached skill level 11 in Polearms
    34 | D        | Reached skill level 12 in Staves
    34 | D        | Reached skill level 9 in Slings
    34 | D        | Reached skill level 10 in Bows
    34 | D        | Reached skill level 10 in Crossbows
    34 | D        | Reached skill level 9 in Stealth
    34 | D        | Reached skill level 10 in Shields
    34 | D        | Reached skill level 11 in Conjurations
    34 | D        | Reached skill level 13 in Hexes
    34 | D        | Reached skill level 11 in Summonings
    34 | D        | Reached skill level 13 in Necromancy
    34 | D        | Reached skill level 13 in Transmutations
    34 | D        | Reached skill level 11 in Fire Magic
    34 | D        | Reached skill level 11 in Ice Magic
    34 | D        | Reached skill level 11 in Air Magic
    34 | D        | Reached skill level 12 in Earth Magic
    34 | D        | Reached skill level 11 in Poison Magic
    34 | D        | Reached skill level 14 in Invocations
    34 | D        | Reached skill level 12 in Evocations
    35 | D        | Reached skill level 14 in Short Blades
    35 | D        | Reached skill level 12 in Polearms
    35 | D        | Reached skill level 10 in Slings
    35 | D        | Reached skill level 11 in Bows
    35 | D        | Reached skill level 11 in Crossbows
    35 | D        | Reached skill level 10 in Stealth
    35 | D        | Reached skill level 11 in Shields
    35 | D        | Reached skill level 12 in Conjurations
    35 | D        | Reached skill level 14 in Hexes
    35 | D        | Reached skill level 12 in Summonings
    35 | D        | Reached skill level 14 in Necromancy
    35 | D        | Reached skill level 14 in Transmutations
    35 | D        | Reached skill level 12 in Fire Magic
    35 | D        | Reached skill level 12 in Ice Magic
    35 | D        | Reached skill level 12 in Air Magic
    35 | D        | Reached skill level 13 in Earth Magic
    35 | D        | Reached skill level 12 in Poison Magic
    35 | D        | Reached skill level 15 in Invocations
    35 | D        | Reached skill level 13 in Evocations
    36 | D        | Reached skill level 15 in Short Blades
    36 | D        | Reached skill level 13 in Long Blades
    36 | D        | Reached skill level 13 in Maces & Flails
    36 | D        | Reached skill level 13 in Staves
    36 | D        | Reached skill level 15 in Hexes
    36 | D        | Reached skill level 13 in Summonings
    36 | D        | Reached skill level 15 in Necromancy
    36 | D        | Reached skill level 15 in Transmutations
    36 | D        | Reached skill level 13 in Fire Magic
    36 | D        | Reached skill level 13 in Ice Magic
    36 | D        | Reached skill level 13 in Air Magic
    36 | D        | Reached skill level 14 in Earth Magic
    36 | D        | Reached skill level 13 in Poison Magic
    36 | D        | Reached skill level 16 in Invocations
    36 | D        | Reached skill level 14 in Evocations
    36 | D        | Reached XP level 25. HP: 274/274 MP: 21/54
    37 | D        | Reached skill level 14 in Long Blades
    37 | D        | Reached skill level 14 in Maces & Flails
    37 | D        | Reached skill level 13 in Polearms
    37 | D        | Reached skill level 14 in Staves
    37 | D        | Reached skill level 11 in Slings
    37 | D        | Reached skill level 12 in Bows
    37 | D        | Reached skill level 12 in Crossbows
    37 | D        | Reached skill level 11 in Stealth
    37 | D        | Reached skill level 12 in Shields
    37 | D        | Reached skill level 13 in Conjurations
    37 | D        | Reached skill level 17 in Invocations
    38 | D        | Reached skill level 16 in Short Blades
    38 | D        | Reached skill level 15 in Long Blades
    38 | D        | Reached skill level 15 in Maces & Flails
    38 | D        | Reached skill level 14 in Polearms
    38 | D        | Reached skill level 15 in Staves
    38 | D        | Reached skill level 12 in Slings
    38 | D        | Reached skill level 13 in Bows
    38 | D        | Reached skill level 13 in Crossbows
    38 | D        | Reached skill level 12 in Stealth
    38 | D        | Reached skill level 13 in Shields
    38 | D        | Reached skill level 14 in Conjurations
    38 | D        | Reached skill level 16 in Hexes
    38 | D        | Reached skill level 14 in Summonings
    38 | D        | Reached skill level 16 in Necromancy
    38 | D        | Reached skill level 16 in Transmutations
    38 | D        | Reached skill level 14 in Fire Magic
    38 | D        | Reached skill level 14 in Ice Magic
    38 | D        | Reached skill level 14 in Air Magic
    38 | D        | Reached skill level 15 in Earth Magic
    38 | D        | Reached skill level 14 in Poison Magic
    38 | D        | Reached skill level 15 in Evocations
    39 | D        | Killed a large bag of meat
    40 | D        | Reached skill level 17 in Short Blades
    40 | D        | Reached skill level 16 in Long Blades
    40 | D        | Reached skill level 16 in Maces & Flails
    40 | D        | Reached skill level 15 in Polearms
    40 | D        | Reached skill level 16 in Staves
    40 | D        | Reached skill level 13 in Slings
    40 | D        | Reached skill level 14 in Bows
    40 | D        | Reached skill level 14 in Crossbows
    40 | D        | Reached skill level 13 in Stealth
    40 | D        | Reached skill level 14 in Shields
    40 | D        | Reached skill level 15 in Conjurations
    40 | D        | Reached skill level 17 in Hexes
    40 | D        | Reached skill level 15 in Summonings
    40 | D        | Reached skill level 17 in Necromancy
    40 | D        | Reached skill level 17 in Transmutations
    40 | D        | Reached skill level 15 in Fire Magic
    40 | D        | Reached skill level 15 in Ice Magic
    40 | D        | Reached skill level 15 in Air Magic
    40 | D        | Reached skill level 16 in Earth Magic
    40 | D        | Reached skill level 15 in Poison Magic
    40 | D        | Reached skill level 19 in Invocations
    40 | D        | Reached skill level 16 in Evocations
    40 | D        | Reached XP level 26. HP: 266/284 MP: 22/54
    40 | D        | Noticed a destroyer
    41 | D        | Reached skill level 18 in Short Blades
    41 | D        | Reached skill level 18 in Hexes
    41 | D        | Reached skill level 18 in Necromancy
    41 | D        | Reached skill level 18 in Transmutations
    41 | D        | Reached skill level 17 in Earth Magic
    41 | D        | Reached skill level 17 in Evocations
    42 | D        | Reached skill level 17 in Long Blades
    42 | D        | Reached skill level 17 in Maces & Flails
    42 | D        | Reached skill level 17 in Staves
    42 | D        | Reached skill level 16 in Summonings
    42 | D        | Reached skill level 16 in Fire Magic
    42 | D        | Reached skill level 16 in Ice Magic
    42 | D        | Reached skill level 16 in Air Magic
    42 | D        | Reached skill level 16 in Poison Magic
    42 | D        | Reached skill level 20 in Invocations
    42 | D        | Killed a large bag of meat
    42 | D        | Killed a destroyer
    43 | D        | Reached skill level 20 in Short Blades
    43 | D        | Reached skill level 18 in Long Blades
    43 | D        | Reached skill level 18 in Maces & Flails
    43 | D        | Reached skill level 17 in Polearms
    43 | D        | Reached skill level 18 in Staves
    43 | D        | Reached skill level 14 in Slings
    43 | D        | Reached skill level 15 in Bows
    43 | D        | Reached skill level 15 in Crossbows
    43 | D        | Reached skill level 14 in Stealth
    43 | D        | Reached skill level 15 in Shields
    43 | D        | Reached skill level 17 in Conjurations
    43 | D        | Reached skill level 20 in Hexes
    43 | D        | Reached skill level 17 in Summonings
    43 | D        | Reached skill level 20 in Necromancy
    43 | D        | Reached skill level 20 in Transmutations
    43 | D        | Reached skill level 17 in Fire Magic
    43 | D        | Reached skill level 17 in Ice Magic
    43 | D        | Reached skill level 17 in Air Magic
    43 | D        | Reached skill level 18 in Earth Magic
    43 | D        | Reached skill level 17 in Poison Magic
    43 | D        | Reached skill level 21 in Invocations
    43 | D        | Reached skill level 18 in Evocations
    43 | D        | Reached XP level 27. HP: 274/292 MP: 22/54
    43 | D        | Killed a large bag of meat
    43 | D        | Killed a destroyer
    44 | D        | Reached skill level 21 in Short Blades
    44 | D        | Reached skill level 19 in Long Blades
    44 | D        | Reached skill level 19 in Maces & Flails
    44 | D        | Reached skill level 19 in Staves
    44 | D        | Reached skill level 15 in Slings
    44 | D        | Reached skill level 16 in Bows
    44 | D        | Reached skill level 16 in Crossbows
    44 | D        | Reached skill level 15 in Stealth
    44 | D        | Reached skill level 16 in Shields
    44 | D        | Reached skill level 21 in Hexes
    44 | D        | Reached skill level 18 in Summonings
    44 | D        | Reached skill level 21 in Necromancy
    44 | D        | Reached skill level 21 in Transmutations
    44 | D        | Reached skill level 18 in Fire Magic
    44 | D        | Reached skill level 18 in Ice Magic
    44 | D        | Reached skill level 18 in Air Magic
    44 | D        | Reached skill level 19 in Earth Magic
    44 | D        | Reached skill level 18 in Poison Magic
    44 | D        | Reached skill level 22 in Invocations
    44 | D        | Reached skill level 19 in Evocations
    45 | D        | Reached skill level 18 in Polearms
    45 | D        | Reached skill level 18 in Conjurations
    47 | D        | Reached skill level 17 in Bows
    47 | D        | Reached skill level 17 in Crossbows
    47 | D        | Reached skill level 17 in Shields
    47 | D        | Reached skill level 20 in Earth Magic
    47 | D        | Reached skill level 23 in Invocations
    47 | D        | Reached skill level 20 in Evocations
    48 | D        | Reached skill level 22 in Short Blades
    48 | D        | Reached skill level 20 in Long Blades
    48 | D        | Reached skill level 20 in Maces & Flails
    48 | D        | Reached skill level 20 in Staves
    48 | D        | Reached skill level 16 in Slings
    48 | D        | Reached skill level 16 in Stealth
    48 | D        | Reached skill level 22 in Hexes
    48 | D        | Reached skill level 19 in Summonings
    48 | D        | Reached skill level 22 in Necromancy
    48 | D        | Reached skill level 22 in Transmutations
    48 | D        | Reached skill level 19 in Fire Magic
    48 | D        | Reached skill level 19 in Ice Magic
    48 | D        | Reached skill level 19 in Air Magic
    48 | D        | Reached skill level 19 in Poison Magic
    50 | D        | Reached skill level 19 in Polearms
    50 | D        | Reached skill level 19 in Conjurations
    51 | D        | Reached skill level 24 in Invocations
    52 | D        | Reached skill level 21 in Earth Magic
    52 | D        | Reached skill level 21 in Evocations
    53 | D        | Noticed a large bag of meat
    53 | D        | Noticed a destroyer
    54 | D        | Noticed an accursed
    55 | D        | Reached skill level 18 in Bows
    55 | D        | Reached skill level 18 in Crossbows
    55 | D        | Reached skill level 18 in Shields
    56 | D        | Reached skill level 23 in Short Blades
    56 | D        | Reached skill level 21 in Long Blades
    56 | D        | Reached skill level 21 in Maces & Flails
    56 | D        | Reached skill level 21 in Staves
    56 | D        | Reached skill level 17 in Slings
    56 | D        | Reached skill level 17 in Stealth
    56 | D        | Reached skill level 23 in Hexes
    56 | D        | Reached skill level 20 in Summonings
    56 | D        | Reached skill level 23 in Necromancy
    56 | D        | Reached skill level 23 in Transmutations
    56 | D        | Reached skill level 20 in Fire Magic
    56 | D        | Reached skill level 20 in Ice Magic
    56 | D        | Reached skill level 20 in Air Magic
    56 | D        | Reached skill level 20 in Poison Magic
    56 | D        | Noticed a destroyer
    57 | D        | Killed an accursed
    58 | D        | Reached skill level 20 in Polearms
    58 | D        | Reached skill level 20 in Conjurations
    58 | D        | Reached skill level 22 in Earth Magic
    58 | D        | Reached skill level 25 in Invocations
    58 | D        | Reached skill level 22 in Evocations
    58 | D        | Noticed a destroyer
    59 | D        | Reached skill level 24 in Short Blades
    59 | D        | Reached skill level 22 in Long Blades
    59 | D        | Reached skill level 22 in Maces & Flails
    59 | D        | Reached skill level 22 in Staves
    59 | D        | Reached skill level 19 in Bows
    59 | D        | Reached skill level 19 in Crossbows
    59 | D        | Reached skill level 19 in Shields
    59 | D        | Reached skill level 24 in Hexes
    59 | D        | Reached skill level 21 in Summonings
    59 | D        | Reached skill level 24 in Necromancy
    59 | D        | Reached skill level 24 in Transmutations
    59 | D        | Reached skill level 21 in Fire Magic
    59 | D        | Reached skill level 21 in Ice Magic
    59 | D        | Reached skill level 21 in Air Magic
    59 | D        | Reached skill level 21 in Poison Magic
    60 | D        | Reached skill level 18 in Slings
    60 | D        | Reached skill level 18 in Stealth
    60 | D        | Reached skill level 26 in Invocations
    60 | D        | Noticed a meat beast
    61 | D        | Killed a destroyer
    62 | D        | Reached skill level 21 in Polearms
    62 | D        | Reached skill level 21 in Conjurations
    62 | D        | Reached skill level 23 in Earth Magic
    62 | D        | Reached skill level 23 in Evocations
    63 | D        | Reached skill level 25 in Short Blades
    63 | D        | Reached skill level 23 in Long Blades
    63 | D        | Reached skill level 23 in Maces & Flails
    63 | D        | Reached skill level 23 in Staves
    63 | D        | Reached skill level 20 in Bows
    63 | D        | Reached skill level 20 in Crossbows
    63 | D        | Reached skill level 20 in Shields
    63 | D        | Reached skill level 25 in Hexes
    63 | D        | Reached skill level 22 in Summonings
    63 | D        | Reached skill level 25 in Necromancy
    63 | D        | Reached skill level 25 in Transmutations
    63 | D        | Reached skill level 22 in Fire Magic
    63 | D        | Reached skill level 22 in Ice Magic
    63 | D        | Reached skill level 22 in Air Magic
    63 | D        | Reached skill level 22 in Poison Magic
    63 | D        | Reached skill level 27 in Invocations
    63 | D        | Killed a meat beast
    64 | D        | Reached skill level 26 in Short Blades
    64 | D        | Reached skill level 24 in Long Blades
    64 | D        | Reached skill level 24 in Maces & Flails
    64 | D        | Reached skill level 22 in Polearms
    64 | D        | Reached skill level 24 in Staves
    64 | D        | Reached skill level 19 in Slings
    64 | D        | Reached skill level 21 in Bows
    64 | D        | Reached skill level 21 in Crossbows
    64 | D        | Reached skill level 19 in Stealth
    64 | D        | Reached skill level 21 in Shields
    64 | D        | Reached skill level 22 in Conjurations
    64 | D        | Reached skill level 26 in Hexes
    64 | D        | Reached skill level 26 in Necromancy
    64 | D        | Reached skill level 26 in Transmutations
    64 | D        | Reached skill level 24 in Earth Magic
    64 | D        | Reached skill level 24 in Evocations
    65 | D        | Reached skill level 20 in Stealth
    65 | D        | Reached skill level 23 in Conjurations
    65 | D        | Reached skill level 23 in Summonings
    65 | D        | Reached skill level 23 in Fire Magic
    65 | D        | Reached skill level 23 in Ice Magic
    65 | D        | Reached skill level 23 in Air Magic
    65 | D        | Reached skill level 23 in Poison Magic
    65 | D        | Noticed a meat beast
    66 | D        | Reached skill level 20 in Slings
    66 | D        | Reached skill level 25 in Earth Magic
    66 | D        | Reached skill level 25 in Evocations
    66 | D        | Killed a destroyer
    67 | D        | Reached skill level 27 in Short Blades
    67 | D        | Reached skill level 25 in Long Blades
    67 | D        | Reached skill level 25 in Maces & Flails
    67 | D        | Reached skill level 23 in Polearms
    67 | D        | Reached skill level 25 in Staves
    67 | D        | Reached skill level 22 in Bows
    67 | D        | Reached skill level 22 in Crossbows
    67 | D        | Reached skill level 21 in Stealth
    67 | D        | Reached skill level 22 in Shields
    67 | D        | Reached skill level 24 in Conjurations
    67 | D        | Reached skill level 27 in Hexes
    67 | D        | Reached skill level 24 in Summonings
    67 | D        | Reached skill level 27 in Necromancy
    67 | D        | Reached skill level 27 in Transmutations
    67 | D        | Reached skill level 24 in Fire Magic
    67 | D        | Reached skill level 24 in Ice Magic
    67 | D        | Reached skill level 24 in Air Magic
    67 | D        | Reached skill level 24 in Poison Magic
    67 | D        | Killed a large bag of meat
    67 | D        | Noticed a destroyer
    68 | D        | Reached skill level 26 in Earth Magic
    68 | D        | Reached skill level 26 in Evocations
    68 | D        | Killed a meat beast
    69 | D        | Reached skill level 26 in Long Blades
    69 | D        | Reached skill level 26 in Maces & Flails
    69 | D        | Reached skill level 24 in Polearms
    69 | D        | Reached skill level 26 in Staves
    69 | D        | Reached skill level 21 in Slings
    69 | D        | Reached skill level 23 in Bows
    69 | D        | Reached skill level 23 in Crossbows
    69 | D        | Reached skill level 22 in Stealth
    69 | D        | Reached skill level 23 in Shields
    69 | D        | Reached skill level 25 in Conjurations
    69 | D        | Reached skill level 25 in Summonings
    69 | D        | Reached skill level 25 in Fire Magic
    69 | D        | Reached skill level 25 in Ice Magic
    69 | D        | Reached skill level 25 in Air Magic
    69 | D        | Reached skill level 27 in Earth Magic
    69 | D        | Reached skill level 25 in Poison Magic
    69 | D        | Reached skill level 27 in Evocations
    69 | D        | Killed a destroyer
    70 | D        | Reached skill level 27 in Long Blades
    70 | D        | Reached skill level 27 in Maces & Flails
    70 | D        | Reached skill level 25 in Polearms
    70 | D        | Reached skill level 27 in Staves
    70 | D        | Reached skill level 22 in Slings
    70 | D        | Reached skill level 24 in Bows
    70 | D        | Reached skill level 24 in Crossbows
    70 | D        | Reached skill level 24 in Shields
    70 | D        | Killed a destroyer
    71 | D        | Reached skill level 23 in Stealth
    71 | D        | Reached skill level 26 in Conjurations
    71 | D        | Reached skill level 26 in Summonings
    71 | D        | Reached skill level 26 in Fire Magic
    71 | D        | Reached skill level 26 in Ice Magic
    71 | D        | Reached skill level 26 in Air Magic
    71 | D        | Reached skill level 26 in Poison Magic
    74 | D        | Reached skill level 26 in Polearms
    75 | D        | HP: 69/292 [??? (66)]
    79 | D        | Noticed a dread
    80 | D        | Reached skill level 25 in Bows
    80 | D        | Reached skill level 25 in Crossbows
    80 | D        | Noticed an accursed
    81 | D        | Noticed a meat beast
    83 | D        | Reached skill level 23 in Slings
    83 | D        | Reached skill level 25 in Shields
    84 | D        | Reached skill level 27 in Conjurations
    84 | D        | Noticed a large bag of meat
    84 | D        | Killed an accursed
    84 | D        | Noticed an accursed
    84 | D        | Noticed an accursed
    84 | D        | Noticed a destroyer
    84 | D        | Noticed a meat beast
    84 | D        | Noticed a meat beast
    84 | D        | Noticed a meat beast
    84 | D        | Noticed a tyrant
    85 | D        | Reached skill level 27 in Polearms
    85 | D        | Reached skill level 24 in Slings
    85 | D        | Reached skill level 26 in Bows
    85 | D        | Reached skill level 26 in Crossbows
    85 | D        | Reached skill level 24 in Stealth
    85 | D        | Reached skill level 26 in Shields
    85 | D        | Reached skill level 27 in Summonings
    85 | D        | Reached skill level 27 in Fire Magic
    85 | D        | Reached skill level 27 in Ice Magic
    85 | D        | Reached skill level 27 in Air Magic
    85 | D        | Reached skill level 27 in Poison Magic
    85 | D        | Noticed a large bag of meat
    85 | D        | Noticed a dread
    85 | D        | Noticed a destroyer
    86 | D        | Killed a meat beast
    87 | D        | Reached skill level 27 in Slings
    87 | D        | Reached skill level 27 in Bows
    87 | D        | Reached skill level 27 in Crossbows
    87 | D        | Reached skill level 27 in Stealth
    87 | D        | Reached skill level 27 in Shields
    87 | D        | Killed a meat beast
    87 | D        | Killed a meat beast
    87 | D        | HP: 72/292 [??? (70)]
    87 | D        | Noticed a large bag of meat
    88 | D        | Killed a meat beast
    88 | D        | Killed an accursed
    89 | D        | Noticed a tyrant
    90 | D        | Killed a destroyer
    91 | D        | Killed a large bag of meat
    92 | D        | HP: 52/292 [??? (50)]
    93 | D        | Killed a large bag of meat
    93 | D        | Killed a large bag of meat
    93 | D        | Noticed an accursed
    94 | D        | Noticed an accursed
    96 | D        | HP: 19/292 [accursed/divine providence (8)]
    97 | D        | Killed a destroyer
    97 | D        | Killed from afar by an accursed

Table legend: (Time is in decaauts)
 A = Elapsed time spent in this place.
 B = Non-inter-level travel time spent in this place.
 C = Inter-level travel time spent in this place.
 D = Time resting spent in this place.
 E = Time spent auto-exploring this place.
 F = Levels seen in this place.
 G = Mean time per level.
                   A        B        C        D        E       F      G
               +--------+--------+--------+--------+--------+-----+--------+
         Total |     80 |     80 |      0 |      0 |      0 |   1 |   80.0 |
       Dungeon |     80 |     80 |      0 |      0 |      0 |   1 |   80.0 |
               +--------+--------+--------+--------+--------+-----+--------+

Top non-repeatable levels by time:
       D: 80 daAuts

Table legend:
 A = Kills in this place as a percentage of kills in entire the game.
 B = Kills by you in this place as a percentage of kills by you in the entire game.
 C = Kills by friends in this place as a percentage of kills by friends in the entire game.
 D = Other kills in this place as a percentage of other kills in the entire game.
 E = Experience gained in this place as a percentage of experience gained in the entire game.
 F = Experience gained in this place divided by the number of levels of this place that you have seen.
                   A       B       C       D       E      F
               +-------+-------+-------+-------+-------+----------------------
         Total | 100.0 | 100.0 |   N/A |   N/A | 100.0 | 4092064.0
       Dungeon | 100.0 | 100.0 |   N/A |   N/A | 100.0 | 4092064.0
               +-------+-------+-------+-------+-------+----------------------

Action                   |  1- 3 |  4- 6 |  7- 9 | 10-12 | 13-15 | 16-18 | 19-21 | 22-24 | 25-27 || total
-------------------------+-------+-------+-------+-------+-------+-------+-------+-------+-------++-------
Melee: Executioner's axe |     1 |       |       |     2 |     2 |     5 |     5 |     7 |    56 ||    78
 Abil: Rolling Charge    |       |       |       |     1 |     1 |     4 |     2 |     2 |    12 ||    22
  Use: Scroll            |       |       |       |     2 |       |       |       |       |       ||     2
Armor: Leather armour    |       |       |       |       |       |       |       |       |     1 ||     1
Dodge: Dodged            |       |       |       |       |       |       |       |       |     2 ||     2

Vanquished Creatures
  6 hell beasts (D)
  3 royal mummies (D)
  A great orb of eyes (D)
  10 vampire knights (D)
  26 ogres (D)
  7 two-headed ogres (D)
  3 hydras (D)
  81 orcs (D)
  5 phantoms (D)
  4 skeletal warriors (D)
146 creatures vanquished.

Vanquished Creatures (others)
  An ogre (D)
  A two-headed ogre (D)
  An orc (D)
3 creatures vanquished.

Grand Total: 149 creatures vanquished You could see 3 accurseds, a tentacled monstrosity (summoned), 2 tyrants, an eight-headed meat hydra, an observer (fast, invisible), a sculptor of flesh, 10 large abominations, 2 dreads, a wretched soul (invisible) and 3 bags of meat.

Levels and vault maps discovered:
D:        meatsprint
